AoeStats
← life is nice ツ

Arabia

509449502Analyzed
1v1 RM · 6d ago on Sep 26, 2026· 45m 36s· 2 players
Game mode
Random Map
Map size
Tiny (2 player)
Population
200
Speed
Normal
Resources
Standard
Victory
Conquest
Starting age
Dark Age
Ending age
Imperial Age
RankedLock teamsTeams togetherTeam positionsShared explorationLock speedFull tech treeHidden civsTurbo modeCheats
Victory
Defeat
🇬🇧 Mongols · United Kingdom
964
+15
🇩🇪 Muisca · Germany
953
-44
life is nice ツ
2:40 Loom
10:14 Feudal Age
12:44 Wheelbarrow
18:47 Horse Collar
21:25 Double-Bit Axe
27:14 Castle Age
25:53 Padded Archer Armor
25:44 Fletching
26:55 Stone Mining
26:57 Gold Mining
38:43 Heavy Plow
38:54 Bow Saw
QFR08
6:56 Loom
8:54 Feudal Age
9:15 Man-at-Arms
12:58 Double-Bit Axe
15:01 Horse Collar
15:55 Fletching
17:36 Padded Archer Armor
23:31 Castle Age
21:49 Padded Archer Armor
22:55 Gold Mining
23:44 Crossbowman
25:13 Light Cavalry
26:05 Bloodlines
27:33 Gold Shaft Mining
29:36 Wheelbarrow
30:18 Bodkin Arrow
32:15 Hand Cart
32:19 Leather Archer Armor
32:59 Heavy Plow
36:45 Bow Saw
40:05 Imperial Age
38:12 Forging
38:08 Scale Barding Armor
39:01 Husbandry
39:09 Town Watch
40:08 Chain Barding Armor
40:23 Iron Casting
41:55 Chemistry
41:17 Ballistics
41:11 Masonry
41:16 Hussar
42:00 Bracer
43:04 Blast Furnace
42:37 Stone Mining
44:41 Conscription
45:11 Hoardings
46:03 Parthian Tactics
Connection lost

Rejoining the realm…

Still unreachable

The connection could not be restored.

Session expired

The server has moved on; the page needs a fresh start.